[Event "ICC tourney 1941 (7 2)"]
[Site "Internet Chess Club"]
[Date "2020.07.31"]
[Round "5"]
[White "babysnake"]
[Black "MasterZachary"]
[Result "1-0"]
[ICCResult "Black forfeits on time"]
[WhiteElo "2355"]
[BlackElo "2208"]
[Opening "QGA: classical, Rubinstein variation"]
[ECO "D21"]
[NIC "QG.05"]
[Time "21:23:46"]
[TimeControl "420+2"]

1. d4 d5 2. c4 dxc4 3. Nf3 a6 4. a4 Nf6 5. e3 e6 6. Bxc4 c5 7. O-O Nc6 8.
Qe2 Be7 9. Nc3 O-O 10. Rd1 cxd4 11. exd4 Nb4 12. Bg5 Bd7 13. Ne5 Bc6 14.
Nxc6 bxc6 15. Qf3 a5 16. Rac1 Rb8 17. b3 Nfd5 18. Bxe7 Qxe7 19. Ne4 Rfd8 20.
h3 h6 21. Re1 Qc7 22. g3 Ne7 23. Nc5 Rxd4 24. Bxe6 Ng6 25. Qf5 Nf8 26. Bc4
Rbd8 27. Kg2 Rd2 28. Rc3 Nd5 29. Rf3 Nf6 30. Ne4 Nxe4 31. Bxf7+ Kh8 32. Rxe4
Nh7 33. h4 Nf6 34. Bg6 R2d5 35. Qf4 Qxf4 36. Rexf4 Kg8 37. Rc4 R5d6 38. Rf5
Nd5 39. Bf7+ Kh7 40. h5 {Black forfeits on time} 1-0

[Event "ICC tourney 1941 (7 2)"]
[Site "Internet Chess Club"]
[Date "2020.07.31"]
[Round "5"]
[White "IndianTerritory"]
[Black "saiabhi29"]
[Result "1-0"]
[ICCResult "Black resigns"]
[WhiteElo "1717"]
[BlackElo "1352"]
[Opening "Sicilian: Labourdonnais-Löwenthal (Kalashnikov) variation"]
[ECO "B32"]
[NIC "SI.32"]
[Time "21:23:51"]
[TimeControl "420+2"]

1. e4 c5 2. Nf3 Nc6 3. d4 cxd4 4. Nxd4 e5 5. Nb5 d6 6. N1c3 a6 7. Na3 Be7 8.
Bc4 Nf6 9. O-O O-O 10. Be3 b5 11. Bd5 Bb7 12. Ne2 Rb8 13. Qe1 Qc7 14. Rd1
Nb4 15. Qxb4 Bxd5 16. exd5 a5 17. Qb3 b4 18. Nb1 a4 19. Qxa4 Nd7 20. Qb3
Rfc8 21. Rc1 Bf6 22. Nd2 Be7 23. f4 exf4 24. Nxf4 Ne5 25. Bd4 Ng6 26. Nxg6
hxg6 27. Ne4 Qd7 28. Qf3 Bd8 29. Nxd6 Rc7 30. Be5 Ra7 31. Nxf7 Qxf7 32.
Qxf7+ Rxf7 33. Rxf7 Bb6+ 34. Kh1 Re8 35. Rxg7+ Kh8 36. Re7+ {Black resigns}
1-0

[Event "ICC tourney 1941 (7 2)"]
[Site "Internet Chess Club"]
[Date "2020.07.31"]
[Round "5"]
[White "GGuseinov"]
[Black "JohnnyHop98"]
[Result "1-0"]
[ICCResult "Black resigns"]
[WhiteElo "2987"]
[BlackElo "1736"]
[Opening "Caro-Kann: classical, Spassky variation"]
[ECO "B19"]
[NIC "CK.12"]
[Time "21:23:38"]
[TimeControl "420+2"]

1. e4 c6 2. d4 d5 3. Nd2 dxe4 4. Nxe4 Bf5 5. Ng3 Bg6 6. h4 h6 7. Nf3 Nd7 8.
h5 Bh7 9. Bd3 Bxd3 10. Qxd3 e6 11. Bd2 Ngf6 12. O-O-O Be7 13. Ne4 Nxe4 14.
Qxe4 Nf6 15. Qd3 Qd5 16. c4 Qe4 17. Qb3 O-O-O 18. Rde1 Qf5 19. Re5 Qh7 20.
Ra5 a6 21. Ne5 Rxd4 22. Be3 Rhd8 23. Nxf7 Rd3 24. Qc2 Qe4 25. Nxd8 Bxd8 26.
Re5 Qxg2 27. Qxd3 Qxh1+ 28. Kc2 Qh3 29. Qd6 Nd7 30. Qxe6 Qf3 31. Re4 Qe2+
32. Bd2 Qxf2 33. Rf4 Qc5 34. Rf7 Qe3 {Black resigns} 1-0

[Event "ICC tourney 1941 (7 2)"]
[Site "Internet Chess Club"]
[Date "2020.07.31"]
[Round "5"]
[White "binomialfactor"]
[Black "sahilmd"]
[Result "0-1"]
[ICCResult "White resigns"]
[WhiteElo "1752"]
[BlackElo "2155"]
[Opening "Nimzo-Indian: 4.e3, Gligoric system with 7...dc"]
[ECO "E56"]
[NIC "NI.06"]
[Time "21:23:42"]
[TimeControl "420+2"]

1. d4 Nf6 2. c4 e6 3. Nc3 Bb4 4. e3 O-O 5. Bd3 d5 6. Nf3 dxc4 7. Bxc4 c5 8.
O-O Nc6 9. a3 Ba5 10. Bb5 Qe7 11. Qa4 Bxc3 12. bxc3 Bd7 13. Qc2 Rac8 14. Qe2
a6 15. Bxc6 Bxc6 16. Ne5 Ba4 17. Bd2 Rfd8 18. Rfc1 Ne4 19. f3 Nd6 20. Rab1
f6 21. Nd3 Bb5 22. Be1 Nc4 23. a4 Bxa4 24. Nxc5 Bb5 25. Qf2 e5 26. e4 b6 27.
Nb3 Qc7 28. Qa2 Kh8 29. Bf2 Qe7 30. Nd2 Nxd2 31. Qxd2 Rc4 32. g3 Qd6 33. Qe3
Rb8 34. f4 h6 35. Kg2 Kh7 36. Qf3 Qe6 37. d5 Qe7 38. Rb4 Rbc8 39. Rxc4 Rxc4
40. fxe5 Qxe5 41. Bd4 Qd6 42. Qf5+ Kg8 43. Qg6 Qe7 44. Rc2 Be8 45. Qg4 Bd7
46. Qg6 Be8 47. Qg5 hxg5 {White resigns} 0-1

[Event "ICC tourney 1941 (7 2)"]
[Site "Internet Chess Club"]
[Date "2020.07.31"]
[Round "5"]
[White "JosephLevine"]
[Black "guineapig25"]
[Result "0-1"]
[ICCResult "White checkmated"]
[WhiteElo "1662"]
[BlackElo "1711"]
[Opening "Sicilian: Sozin, Leonhardt variation"]
[ECO "B88"]
[NIC "SI.26"]
[Time "21:23:45"]
[TimeControl "420+2"]

1. e4 c5 2. Nf3 d6 3. d4 cxd4 4. Nxd4 Nf6 5. Nc3 Nc6 6. Bc4 e6 7. O-O Be7 8.
Be3 O-O 9. f4 a6 10. Nxc6 bxc6 11. Bb3 d5 12. f5 Bb7 13. fxe6 fxe6 14. exd5
exd5 15. Na4 Kh8 16. Bb6 Qd7 17. Qd4 Bd6 18. Bc5 Rae8 19. Bxd6 Qxd6 20. Rae1
Nd7 21. Rxe8 Rxe8 22. Rf7 Rg8 23. c3 Qe6 24. Rf1 h6 25. Bc2 Re8 26. Bf5 Qe7
27. Bxd7 Qxd7 28. Nc5 Qc7 29. Nxb7 Qxb7 30. b4 Qe7 31. h3 Qe3+ 32. Qxe3 Rxe3
33. Rf3 Rxf3 34. gxf3 Kh7 35. Kf2 Kg6 36. Kg3 Kf5 37. h4 h5 38. a4 g5 39.
hxg5 Kxg5 40. a5 h4+ 41. Kh3 Kf4 42. Kxh4 Kxf3 43. Kg5 Ke3 44. Kf5 Kd3 45.
Ke5 Kxc3 46. Kd6 Kxb4 47. Kxc6 Kxa5 48. Kxd5 Kb4 49. Kd4 Kb3 50. Kd3 a5 51.
Kd2 Kb2 52. Kd3 a4 53. Kd2 a3 54. Kd3 a2 55. Kd2 a1=Q 56. Ke2 Qc1 57. Kd3
Qd1+ 58. Kc4 Qd2 59. Kc5 Kc3 60. Kb5 Kb3 61. Kc5 Qd7 62. Kb6 Kb4 63. Ka6 Kc5
64. Ka5 Qa7# {White checkmated} 0-1

[Event "ICC tourney 1941 (7 2)"]
[Site "Internet Chess Club"]
[Date "2020.07.31"]
[Round "5"]
[White "rjc64uk"]
[Black "closedforce"]
[Result "1-0"]
[ICCResult "Black checkmated"]
[WhiteElo "1785"]
[BlackElo "1398"]
[Opening "French: Two knights variation"]
[ECO "C00"]
[NIC "FR.01"]
[Time "21:23:47"]
[TimeControl "420+2"]

1. e4 e6 2. Nc3 d5 3. Nf3 Nf6 4. e5 Nfd7 5. d4 c5 6. dxc5 Nc6 7. Bf4 Bxc5 8.
Bd3 a6 9. O-O b5 10. a3 Qb6 11. Qe2 Bb7 12. Nd1 Rc8 13. Ng5 h6 14. Qh5 g6
15. Bxg6 fxg6 16. Qxg6+ Kd8 17. Nxe6+ Ke7 18. Bxh6 Ncxe5 19. Bg5+ Kd6 20.
Qf5 d4 21. b4 Kd5 22. Nf4+ Kd6 23. bxc5+ Qxc5 24. Qe6+ Kc7 25. Be7 Rcg8 26.
f3 Qa7 27. Bd6+ Kd8 28. Bxe5 d3+ 29. Nf2 Re8 30. Qd6 Rxe5 31. Ne6+ Ke8 32.
Rae1 Re3 33. cxd3 Rg8 34. d4 Rxf3 35. Nc7+ Kd8 36. Re7 Rxg2+ 37. Kh1 Bc8 38.
Re8# {Black checkmated} 1-0

[Event "ICC tourney 1941 (7 2)"]
[Site "Internet Chess Club"]
[Date "2020.07.31"]
[Round "5"]
[White "Bo002"]
[Black "josechess99"]
[Result "0-1"]
[ICCResult "White resigns"]
[WhiteElo "1793"]
[BlackElo "2440"]
[Opening "Catalan opening"]
[ECO "E00"]
[NIC "CA.01"]
[Time "21:23:46"]
[TimeControl "420+2"]

1. d4 Nf6 2. c4 e6 3. g3 Bb4+ 4. Nd2 O-O 5. Bg2 d6 6. a3 Bxd2+ 7. Bxd2 Qe7
8. Qc2 e5 9. dxe5 dxe5 10. Nf3 e4 11. Nd4 c5 12. Nb5 Nc6 13. Bf4 Rd8 14. O-O
Bg4 15. h3 Bh5 16. e3 Ne5 17. Bxe5 Qxe5 18. Qc3 Qe7 19. g4 Bg6 20. Qc2 Rd3
21. Rad1 Rad8 22. Nc3 Qe5 23. Ne2 h5 24. Nf4 hxg4 25. Nxd3 exd3 26. Qd2 gxh3
27. Bxh3 Ne4 28. Qe1 d2 29. Qe2 Qxb2 30. Bg2 Nc3 31. Qg4 Nxd1 32. Rxd1 Bc2
33. Qg5 Qf6 34. Qg4 Bxd1 35. Qxd1 Qc3 36. Kf1 Qxc4+ 37. Kg1 Qc1 38. Bf3 c4
{White resigns}
0-1

[Event "ICC tourney 1941 (7 2)"]
[Site "Internet Chess Club"]
[Date "2020.07.31"]
[Round "5"]
[White "vyomvidy"]
[Black "dabbindino"]
[Result "1-0"]
[ICCResult "Black resigns"]
[WhiteElo "1782"]
[BlackElo "1699"]
[Opening "Dunst (Sleipner, Heinrichsen) opening"]
[ECO "D00"]
[NIC "VO.15"]
[Time "21:23:56"]
[TimeControl "420+2"]

1. Nc3 Nf6 2. d4 d5 3. Bf4 e6 4. e3 Bd6 5. Bd3 O-O 6. Nf3 c5 7. dxc5 Bxc5 8.
O-O Nc6 9. e4 dxe4 10. Nxe4 Be7 11. Nxf6+ Bxf6 12. c3 e5 13. Bg3 Bg4 14. Be4
Qb6 15. Qc2 h6 16. Bxc6 Qxc6 17. Nxe5 Bxe5 18. Bxe5 Rfe8 19. Rfe1 Rad8 20.
h3 Bh5 21. Bf4 Bg6 22. Qb3 Be4 23. f3 Bg6 24. Rad1 a6 25. Kh2 b5 26. Rxe8+
Rxe8 27. Rd6 Qc4 28. Qxc4 bxc4 29. Rxa6 Bd3 30. a4 g5 31. Bg3 h5 32. Ra5 f5
33. h4 g4 34. fxg4 hxg4 35. Be5 Rd8 36. Kg3 Be4 37. Bd4 Kf7 38. Kf4 Rb8 39.
Rb5 Ra8 40. a5 Kg6 41. g3 Bd3 42. Rb6+ Kf7 43. a6 {Black resigns} 1-0

[Event "ICC tourney 1941 (7 2)"]
[Site "Internet Chess Club"]
[Date "2020.07.31"]
[Round "5"]
[White "craigsholl66"]
[Black "tallike"]
[Result "0-1"]
[ICCResult "White forfeits on time"]
[WhiteElo "1426"]
[BlackElo "1424"]
[Opening "Pirc: classical (two knights) system"]
[ECO "B06"]
[NIC "PU.10"]
[Time "21:23:45"]
[TimeControl "420+2"]

1. e4 g6 2. Nf3 Bg7 3. Nc3 d6 4. d4 Nf6 5. Bd3 O-O 6. h3 c5 7. Be3 cxd4 8.
Nxd4 Nc6 9. Nb3 a6 10. O-O Na5 11. Nd4 Nc6 12. Nxc6 bxc6 13. Qd2 d5 14. e5
Ne8 15. Bd4 Nc7 16. Na4 Ne6 17. c3 Qa5 18. Nb6 Nxd4 19. Nxa8 Ne6 20. b4 Qd8
21. Qe3 d4 22. cxd4 Bb7 23. d5 cxd5 24. Nb6 d4 25. Qd2 Qxb6 26. f4 Qc6 27.
Rac1 Qd5 28. Bc4 Qe4 29. Bxe6 fxe6 30. Rce1 Qd5 31. Kh2 Bh6 32. g3 d3 33.
Rf2 Rc8 34. Rc1 Rxc1 35. Qxc1 Qxe5 36. Qd1 Qd4 37. Rd2 Be4 38. Qg4 Bf5 39.
Qf3 Bg7 40. g4 Be4 41. Qd1 Qd6 42. Kg3 g5 {White forfeits on time} 0-1

[Event "ICC tourney 1941 (7 2)"]
[Site "Internet Chess Club"]
[Date "2020.07.31"]
[Round "5"]
[White "ganzy"]
[Black "Kokoro"]
[Result "1-0"]
[ICCResult "Black checkmated"]
[WhiteElo "1509"]
[BlackElo "1769"]
[Opening "Sicilian: Pelikan (Lasker/Sveshnikov) variation"]
[ECO "B33"]
[NIC "SI.35"]
[Time "21:24:14"]
[TimeControl "420+2"]

1. e4 c5 2. Nf3 Nc6 3. d4 cxd4 4. Nxd4 Nf6 5. Nc3 e5 6. Ndb5 d6 7. Nd5 Nxd5
8. exd5 Nb8 9. c4 a6 10. Nc3 Be7 11. Be2 O-O 12. Be3 f5 13. f4 g5 14. fxe5
dxe5 15. c5 Nd7 16. d6 Bf6 17. Qd5+ Kh8 18. O-O-O Qe8 19. h4 gxh4 20. g3
hxg3 21. Rxh7+ Kxh7 22. Rh1+ Kg6 23. Bh5+ Kg7 24. Bh6+ Kxh6 25. Bxe8+ Kg7
26. Bxd7 Bxd7 27. Qxb7 Rad8 28. c6 Rf7 29. cxd7 Rfxd7 30. Qg2 f4 31. Ne4 Kf7
32. Rh7+ Bg7 33. Nc5 Kg8 34. Qh3 Rxd6 35. Rxg7+ Kxg7 36. Ne6+ Kf6 37. Nxd8
Rxd8 38. Qh4+ Kf5 39. Qxd8 f3 40. Kd2 g2 41. Qb6 Kf4 42. Qf2 e4 43. b4 Kg4
44. Ke3 Kh3 45. Kxe4 Kh2 46. Kxf3 Kh3 47. Qg3# {Black checkmated} 1-0

[Event "ICC tourney 1941 (7 2)"]
[Site "Internet Chess Club"]
[Date "2020.07.31"]
[Round "5"]
[White "pyaru536"]
[Black "LChessMaster"]
[Result "1-0"]
[ICCResult "Black checkmated"]
[WhiteElo "1406"]
[BlackElo "1540"]
[Opening "King's Indian: fianchetto, classical main line"]
[ECO "E69"]
[NIC "KI.61"]
[Time "21:23:44"]
[TimeControl "420+2"]

1. d4 Nf6 2. c4 g6 3. g3 Bg7 4. Bg2 c6 5. e4 d6 6. Nc3 O-O 7. Nf3 Nbd7 8.
O-O e5 9. h3 Re8 10. d5 Nc5 11. Ne1 Bd7 12. b4 Na6 13. a3 c5 14. b5 Nc7 15.
a4 Qc8 16. Kh2 a5 17. Ra2 Rf8 18. Qd3 b6 19. f4 Nh5 20. f5 Kh8 21. Bf3 Nf6
22. g4 Rd8 23. g5 Ng8 24. f6 Bf8 25. Bg2 Ne8 26. Qg3 h5 27. gxh6 Kh7 28. Qh4
Qc7 29. Nf3 Bc8 30. Ng5+ Kh8 31. Raf2 Ra7 32. h7 Ngxf6 33. Rxf6 Nxf6 34.
Rxf6 Re8 35. Nxf7+ Qxf7 36. Rxf7 Rxf7 37. Bg5 Rxh7 38. Bf6+ Bg7 39. Bxg7+
Kxg7 40. Qg5 Rh5 41. Qg3 Reh8 42. Ne2 Bxh3 43. Bxh3 Rxh3+ 44. Qxh3 Rxh3+ 45.
Kxh3 Kf6 46. Kg4 g5 47. Ng1 Kg6 48. Nf3 Kf6 49. Nxg5 Ke7 50. Ne6 Kd7 51. Kg5
Ke7 52. Kg6 Kd7 53. Kf7 Kc8 54. Ke7 Kb7 55. Kxd6 Ka7 56. Kxe5 Ka8 57. Nxc5
bxc5 58. Kd6 Kb7 59. e5 Kb6 60. e6 Kb7 61. e7 Ka7 62. e8=Q Kb6 63. Qc6+ Ka7
64. Qc7+ Ka8 65. Qh7 Kb8 66. Kc6 Ka8 67. Qb7# {Black checkmated} 1-0

[Event "ICC tourney 1941 (7 2)"]
[Site "Internet Chess Club"]
[Date "2020.07.31"]
[Round "5"]
[White "harkerchess"]
[Black "FL2009"]
[Result "1-0"]
[ICCResult "Black checkmated"]
[WhiteElo "1367"]
[BlackElo "1588"]
[Opening "French defense, Steiner variation"]
[ECO "A13"]
[NIC "EO.64"]
[Time "21:24:05"]
[TimeControl "420+2"]

1. c4 e6 2. e4 c5 3. Nc3 Nc6 4. Nf3 Be7 5. Be2 Nf6 6. O-O O-O 7. d4 cxd4 8.
Nxd4 b6 9. Be3 Bb7 10. Ndb5 Rc8 11. Nd6 Bxd6 12. Qxd6 Na5 13. Qd4 Re8 14. e5
d5 15. exf6 Nxc4 16. Bg5 Nxb2 17. Bb5 Bc6 18. Ba6 Ra8 19. Qg4 d4 20. Bh4 g6
21. Qf4 Kh8 22. Ne4 Qd5 23. Qh6 Rg8 24. f3 Qh5 25. Nd6 Raf8 26. Bg5 d3 27.
Rab1 Na4 28. Bxd3 Nc5 29. Bc2 Nd7 30. Qxh5 gxh5 31. Bh6 Rg6 32. Bxg6 hxg6
33. Bxf8 Nxf8 34. Nxf7+ Kg8 35. Ne5 Bb7 36. Rfd1 Bd5 37. Rxd5 exd5 38. Rd1
Ne6 39. Rxd5 Kf8 40. Nxg6+ Kf7 41. Ne5+ Kxf6 42. Nc6 a6 43. Rd6 Kf7 44. Ne5+
Ke7 45. Rxb6 a5 46. Ra6 h4 47. Rxa5 Kd6 48. Ng6 h3 49. gxh3 Nd4 50. Ra3 Nc2
51. Rd3+ Kc5 52. Rc3+ Kd4 53. Rxc2 Ke3 54. a4 Kxf3 55. a5 Ke3 56. Nf4 Kf3
57. h4 Kg4 58. a6 Kf3 59. a7 Ke3 60. a8=Q Kd4 61. Qd5+ Ke3 62. Re2+ Kxf4 63.
Qe5+ Kg4 64. Rg2+ Kf3 65. Rf2+ Kg4 66. Qf5+ Kxh4 67. Rf4# {Black checkmated}
1-0

[Event "ICC tourney 1941 (7 2)"]
[Site "Internet Chess Club"]
[Date "2020.07.31"]
[Round "5"]
[White "PappusChain923"]
[Black "benusa"]
[Result "0-1"]
[ICCResult "White checkmated"]
[WhiteElo "1703"]
[BlackElo "2252"]
[Opening "QGD semi-Slav"]
[ECO "D43"]
[NIC "SL.03"]
[Time "21:23:36"]
[TimeControl "420+2"]

1. d4 d5 2. c4 c6 3. Nc3 Nf6 4. Nf3 e6 5. Bg5 Be7 6. e3 O-O 7. Rc1 b6 8. Bd3
Bb7 9. O-O Nbd7 10. Qc2 h6 11. Bh4 c5 12. cxd5 Nxd5 13. Bxe7 Qxe7 14. Nxd5
Bxd5 15. e4 Bb7 16. Qe2 cxd4 17. Nxd4 Rac8 18. Bb1 Nc5 19. Rfd1 Rfd8 20. Qe3
e5 21. Nf5 Qf6 22. b4 Ne6 23. g3 Rxc1 24. Rxc1 h5 25. Qa3 a6 26. Qe3 Nd4 27.
Bd3 g6 28. Nxd4 Rxd4 29. Rc4 Rd7 30. h4 Kg7 31. Bf1 b5 32. Rc5 Rd4 33. Bg2
Rxb4 34. Rc7 Bc6 35. Qb6 Rb1+ 36. Kh2 Rc1 37. Qe3 Rc4 38. f3 Qd6 39. Ra7 Bd7
40. Bf1 Rd4 41. Ra8 Be6 42. Qc3 Rd2+ 43. Bg2 Rxa2 44. Qe3 Rc2 45. Qa7 Rc8
46. Rxc8 Bxc8 47. Qa8 Be6 48. Bf1 b4 49. Bxa6 b3 50. Qb7 b2 51. Qxb2 Qxa6
52. Qxe5+ Kh7 53. Qd4 Qe2+ 54. Kg1 Qxf3 55. Qf2 Qxe4 56. Kh2 Bd5 57. Qg1
Qe2+ 58. Kh3 Be6+ 59. g4 hxg4+ 60. Kg3 Qf3+ 61. Kh2 Qh3# {White checkmated}
0-1

[Event "ICC tourney 1941 (7 2)"]
[Site "Internet Chess Club"]
[Date "2020.07.31"]
[Round "5"]
[White "Sricharan07"]
[Black "Viking21"]
[Result "1-0"]
[ICCResult "Black checkmated"]
[WhiteElo "1584"]
[BlackElo "1483"]
[Opening "Alekhine's defense: modern, Larsen variation"]
[ECO "B04"]
[NIC "AL.05"]
[Time "21:23:54"]
[TimeControl "420+2"]

1. e4 Nf6 2. e5 Nd5 3. d4 d6 4. Nf3 dxe5 5. Nxe5 c6 6. Be2 Bf5 7. O-O Nd7 8.
Nxd7 Qxd7 9. c3 e6 10. Be3 Bd6 11. Nd2 O-O 12. h3 Qe7 13. Bf3 Nxe3 14. fxe3
Qg5 15. Kf2 Bd3 16. Ne4 Bxe4 17. Bxe4 Qg3+ 18. Ke2 f5 19. Bf3 e5 20. Qb3+
Kh8 21. Kd2 e4 22. Be2 b6 23. Qe6 Rae8 24. Qd7 f4 25. Rae1 Qxe3+ 26. Kc2 Rd8
27. Qxc6 Bb8 28. Bb5 Qg3 29. Qxe4 Rc8 30. Kb1 Qg5 31. Bd3 g6 32. Bc2 b5 33.
Qe7 a5 34. Qxg5 b4 35. Qxa5 bxc3 36. bxc3 Bd6 37. Ka1 Ra8 38. Qd5 Bc7 39.
Bb3 Rfb8 40. Re7 Ba5 41. Kb1 Bxc3 42. Qf7 Rg8 43. Qxh7# {Black checkmated}
1-0

[Event "ICC tourney 1941 (7 2)"]
[Site "Internet Chess Club"]
[Date "2020.07.31"]
[Round "5"]
[White "AmyMGL"]
[Black "steinutz"]
[Result "1-0"]
[ICCResult "Black resigns"]
[WhiteElo "1539"]
[BlackElo "1532"]
[Opening "Giuoco Piano: Anderssen variation"]
[ECO "C54"]
[NIC "IG.02"]
[Time "21:23:46"]
[TimeControl "420+2"]

1. e4 e5 2. Nf3 Nc6 3. Bc4 Bc5 4. c3 Nf6 5. d4 exd4 6. e5 d5 7. Bb5 Ne4 8.
cxd4 Bb4+ 9. Bd2 Bxd2+ 10. Nbxd2 Nxd2 11. Bxc6+ bxc6 12. Qxd2 Ba6 13. Qc2
Qd7 14. Rc1 Bb7 15. Qc5 h5 16. O-O Rh6 17. Rfe1 h4 18. h3 a5 19. Re3 Qe7 20.
Qxe7+ Kxe7 21. Rb3 Ra7 22. a4 Bc8 23. Rbc3 Ra6 24. Nd2 Rb6 25. Nb3 Bd7 26.
R1c2 Bf5 27. Rd2 Rb4 28. Nxa5 Rxa4 29. Nxc6+ Kd7 30. e6+ Rxe6 31. Ne5+ Kc8
32. Nxf7 Ra1+ 33. Kh2 Ree1 34. g3 Rh1+ 35. Kg2 Rag1+ 36. Kf3 Be4+ 37. Kf4
hxg3 38. Nd6+ Kd7 39. Nxe4 dxe4 40. fxg3 Re1 41. h4 e3 42. Rxe3 Rhf1+ 43.
Ke4 Rb1 44. Rf3 Rfe1+ 45. Kf5 Re6 46. Kg5 Ra1 47. Rf7+ Kd6 48. Rxg7 Ra5+ 49.
Kg4 Re4+ 50. Kf3 Re6 51. g4 Rf6+ 52. Kg2 Rb5 53. h5 Rb3 54. Rg6 Ke6 55. Re2+
Kf7 56. Rxf6+ Kxf6 57. Rf2+ Kg5 58. d5 Kxg4 59. h6 Rg3+ 60. Kf1 Rh3 61. Rf6
Kg5 62. Rc6 Kf4 63. Kg2 Rh5 64. Rxc7 Rxh6 65. Rc2 Ke5 66. Rd2 Rb6 67. Kf2
Rf6+ 68. Ke1 Ke4 69. Kd1 Ke3 70. d6 Rf8 71. d7 Rd8 72. Kc2 Ke4 73. Rd1 Ke5
74. Kc3 Ke6 75. Kc4 Rxd7 76. Kc5 Rb7 77. Rd2 Rc7+ 78. Kb5 Rc1 79. Ka6 Rb1
80. Ka5 Ke5 81. Ka4 Ke6 82. b4 Ke5 83. Ka5 Ke6 84. Kb5 Ke5 85. Kc5 Rc1+ 86.
Kb6 Rb1 87. b5 Ke4 88. Kc6 Ke3 89. Rd7 Ke4 90. b6 Ke5 91. Kb7 Ke6 92. Rd2
Rh1 93. Ka7 Ra1+ 94. Kb8 Rh1 95. b7 Ra1 96. Kc8 Rc1+ 97. Kd8 Rb1 98. Kc7
Rc1+ 99. Kb8 Rb1 100. Rc2 Kd7 101. Rc7+ Kd6 102. Rc8 Kd7 103. Ka7 Ra1+ 104.
Kb6 Rb1+ 105. Ka7 Ra1+ 106. Kb8 Rb1 107. Rc7+ Kd6 108. Rg7 Kc6 109. Rg6+ Kd7
110. Rg7+ Kc6 111. Kc8 Ra1 112. b8=Q {Black resigns} 1-0

[Event "ICC tourney 1941 (7 2)"]
[Site "Internet Chess Club"]
[Date "2020.07.31"]
[Round "6"]
[White "NonnaThat"]
[Black "closedforce"]
[Result "1-0"]
[ICCResult "Black resigns"]
[WhiteElo "1733"]
[BlackElo "1394"]
[Opening "French: Steinitz, Boleslavsky variation"]
[ECO "C11"]
[NIC "FR.04"]
[Time "21:51:20"]
[TimeControl "420+2"]

1. e4 e6 2. d4 d5 3. Nc3 Nf6 4. e5 Nfd7 5. f4 c5 6. Nf3 Nc6 7. Be3 a6 8. Qd2
b5 9. a3 Rb8 10. Be2 b4 11. Na4 cxd4 12. Nxd4 Nxd4 13. Bxd4 Qa5 14. axb4
Rxb4 15. Bc3 Rxa4 16. Bxa5 Rxa1+ 17. Bd1 Bc5 18. b4 Ba7 19. Qc3 {Black
resigns} 1-0

[Event "ICC tourney 1941 (7 2)"]
[Site "Internet Chess Club"]
[Date "2020.07.31"]
[Round "6"]
[White "Rohith-p"]
[Black "Bo002"]
[Result "1-0"]
[ICCResult "Black resigns"]
[WhiteElo "1772"]
[BlackElo "1775"]
[Opening "Caro-Kann: two knights variation"]
[ECO "B11"]
[NIC "CK.01"]
[Time "21:51:07"]
[TimeControl "420+2"]

1. e4 c6 2. Nc3 d5 3. Nf3 dxe4 4. Nxe4 Bf5 5. Ng3 Bg6 6. h4 h6 7. Ne5 Bh7 8.
Qh5 g6 9. Bc4 e6 10. Qe2 Bg7 11. Nxf7 Qe7 12. Nxh8 Bxh8 13. Qxe6 Nd7 14. d3
O-O-O 15. Qxe7 Nxe7 16. Be6 Kc7 17. Bxd7 Rxd7 18. Bf4+ Kb6 19. O-O-O Bg8 20.
a3 h5 21. Rhe1 Bf6 22. Ne4 Bg7 23. Be3+ Kc7 24. Nc5 Rd5 25. Bf4+ Kd8 26.
Nxb7+ Ke8 27. Bg5 Bxb2+ 28. Kxb2 Rb5+ 29. Kc3 Rxb7 30. Rxe7+ Rxe7 31. Bxe7
Kxe7 32. Rb1 Bd5 33. f3 Kf6 34. Kd4 Kf5 35. c4 Be6 36. Ke3 Ke5 37. Rb7 a6
38. Ra7 Kd6 39. Rxa6 Kc5 40. a4 Bf5 41. Ra8 Kb4 42. a5 Kc3 43. a6 Bxd3 44.
a7 Bxc4 45. Rc8 {Black resigns} 1-0

[Event "ICC tourney 1941 (7 2)"]
[Site "Internet Chess Club"]
[Date "2020.07.31"]
[Round "6"]
[White "guineapig25"]
[Black "PappusChain923"]
[Result "0-1"]
[ICCResult "White checkmated"]
[WhiteElo "1706"]
[BlackElo "1754"]
[Opening "Sicilian: Pelikan, Chelyabinsk variation"]
[ECO "B33"]
[NIC "SI.37"]
[Time "21:51:10"]
[TimeControl "420+2"]

1. e4 c5 2. Nf3 Nc6 3. d4 cxd4 4. Nxd4 Nf6 5. Nc3 e5 6. Ndb5 d6 7. Bg5 a6 8.
Na3 b5 9. Nd5 Be7 10. Bxf6 Bxf6 11. c3 O-O 12. Nc2 Rb8 13. Be2 Bg5 14. Nce3
Ne7 15. Nxe7+ Bxe7 16. Nd5 Bg5 17. Bd3 Be6 18. h4 Bh6 19. g4 f6 20. Qe2 Qd7
21. f3 a5 22. Kf2 Qa7+ 23. Kg3 b4 24. c4 Qd4 25. b3 a4 26. Rad1 axb3 27.
axb3 Qc5 28. Qh2 Bxd5 29. Kg2 Bf4 30. Qh3 Be6 31. h5 h6 32. Bb1 Ra8 33. Bd3
Ra2+ 34. Kf1 Qf2# {White checkmated} 0-1

[Event "ICC tourney 1941 (7 2)"]
[Site "Internet Chess Club"]
[Date "2020.07.31"]
[Round "6"]
[White "josechess99"]
[Black "GGuseinov"]
[Result "1-0"]
[ICCResult "Black resigns"]
[WhiteElo "2493"]
[BlackElo "2962"]
[Opening "Sicilian: accelerated fianchetto, Gurgenidze variation"]
[ECO "B36"]
[NIC "SI.33"]
[Time "21:51:06"]
[TimeControl "420+2"]

1. e4 c5 2. Nf3 g6 3. d4 cxd4 4. Nxd4 Nc6 5. c4 Nf6 6. Nc3 Nxd4 7. Qxd4 d6
8. Be3 Bg7 9. f3 O-O 10. Qd2 Be6 11. Rc1 Qa5 12. b3 Rfc8 13. Be2 a6 14. Na4
Qxd2+ 15. Kxd2 Nd7 16. g4 f5 17. exf5 gxf5 18. Nc3 fxg4 19. fxg4 Ne5 20. Nd5
Bxd5 21. cxd5 Ng6 22. Bd3 Nh4 23. Be4 Bb2 24. Rxc8+ Rxc8 25. Rf1 Kg7 26. Bg5
Bf6 27. Rxf6 exf6 28. Bxh4 Kf7 29. Bg3 {Black resigns} 1-0

[Event "ICC tourney 1941 (7 2)"]
[Site "Internet Chess Club"]
[Date "2020.07.31"]
[Round "6"]
[White "FL2009"]
[Black "caracal"]
[Result "0-1"]
[ICCResult "White resigns"]
[WhiteElo "1572"]
[BlackElo "1372"]
[Opening "French: exchange variation"]
[ECO "C01"]
[NIC "FR.01"]
[Time "21:51:12"]
[TimeControl "420+2"]

1. e4 e6 2. d4 d5 3. exd5 exd5 4. Nf3 Nf6 5. Bd3 Bd6 6. O-O O-O 7. Bg5 Bg4
8. c3 c6 9. Nbd2 Nbd7 10. Qc2 Qc7 11. Rfe1 Rfe8 12. Bh4 Bh5 13. Bg3 Bg6 14.
Bxd6 Bxd3 15. Qxd3 Qxd6 16. Nf1 Ne4 17. Ng3 Ndf6 18. Ne5 Nxg3 19. hxg3 Nd7
20. Nf3 f6 21. a3 g6 22. Re3 Kf7 23. Rae1 Rxe3 24. Rxe3 Re8 25. Nh4 Rxe3 26.
Qxe3 Qe6 27. Qxe6+ Kxe6 28. Kf1 Nb6 29. b3 a5 30. a4 Nc8 31. Ke2 Nd6 32. Kd3
Ne4 33. f4 Nxg3 34. Ke3 Nf5+ 35. Nxf5 Kxf5 36. Kf3 h5 37. g3 g5 38. Ke3
gxf4+ 39. gxf4 Kg4 40. c4 f5 41. cxd5 cxd5 42. Kd3 b6 43. b4 h4 44. bxa5
bxa5 45. Ke2 Kxf4 {White resigns} 0-1

[Event "ICC tourney 1941 (7 2)"]
[Site "Internet Chess Club"]
[Date "2020.07.31"]
[Round "6"]
[White "liguowh"]
[Black "tallike"]
[Result "1-0"]
[ICCResult "Black resigns"]
[WhiteElo "1517"]
[BlackElo "1415"]
[Opening "Robatsch (modern) defense"]
[ECO "B06"]
[NIC "KF.05"]
[Time "21:51:11"]
[TimeControl "420+2"]

1. e4 g6 2. d4 Bg7 3. Be3 d6 4. Nf3 Nf6 5. Nc3 O-O 6. Qd2 Nc6 7. Be2 e5 8.
O-O-O exd4 9. Nxd4 Nxd4 10. Bxd4 Qe7 11. f3 Nd7 12. Bxg7 Kxg7 13. Nd5 Qd8
14. Qc3+ f6 15. Nxc7 Nc5 16. Nxa8 b6 17. h4 Bb7 18. h5 Bxa8 19. hxg6 hxg6
20. Qd2 g5 21. Rh2 Rh8 22. Rxh8 Qxh8 23. Qxd6 Qf8 24. Qc7+ Qf7 25. Qxf7+
Kxf7 26. b4 Na4 27. Rd7+ Ke6 28. Rxa7 Nc3 29. Bc4+ Ke5 30. Rxa8 b5 31. Bxb5
Nxb5 32. Ra5 {Black resigns} 1-0

[Event "ICC tourney 1941 (7 2)"]
[Site "Internet Chess Club"]
[Date "2020.07.31"]
[Round "6"]
[White "TjkTiger"]
[Black "pyaru536"]
[Result "1-0"]
[ICCResult "Black resigns"]
[WhiteElo "2093"]
[BlackElo "1405"]
[Opening "QGD: exchange, positional line, 5...c6"]
[ECO "D35"]
[NIC "QO.16"]
[Time "21:51:40"]
[TimeControl "420+2"]

1. c4 e6 2. Nc3 d5 3. d4 Nf6 4. cxd5 exd5 5. Bg5 c6 6. e3 Be7 7. Bd3 Nbd7 8.
h3 Nf8 9. Nf3 Ne6 10. Bh4 g6 11. O-O O-O 12. Rb1 a5 13. Na4 b5 14. Nc3 b4
15. Na4 Ba6 16. Ne5 Qc7 17. Rc1 Bxd3 18. Qxd3 Nd8 19. Rc2 Ne4 20. Bxe7 Qxe7
21. Rfc1 Rc8 22. Nb6 Rb8 23. Nxc6 Nxc6 24. Nxd5 Qe6 25. Qxe4 Qxe4 26. Nf6+
Kg7 27. Nxe4 Ne7 28. Rc7 Nd5 29. R7c5 Rfe8 30. Nd6 Re6 31. Rxd5 Rd8 32. Nf5+
gxf5 33. Rxd8 {Black resigns} 1-0